 Dungeon Crawl Stone Soup version 0.31-a0-700-gf13585253f (webtiles) character file.

Game seed: 16359850309795586655

6 qw the Shooter (level 1, -2/12 HPs)
             Began as a Gargoyle Hunter on Sept 7, 2023.
             Slain by a gnoll
             ... wielding a +0 whip
              (5 damage)
             ... on level 1 of the Dungeon.
             The game lasted 00:00:04 (254 turns).

qw the Shooter (Gargoyle Hunter)                     Turns: 254, Time: 00:00:05

Health: -2/12      AC:  5    Str: 14    XL:     1   Next: 90%
Magic:  1/1        EV: 11    Int:  9    God:
Gold:   27         SH:  0    Dex: 13    Spells: 0/0 levels left

rFire   . . .        a - +0 shortbow
rCold   . . .        (shield currently unavailable)
rNeg    + . .        c - +0 leather armour
rPois   inf          (no helmet)
rElec   +            (no cloak)
rCorr   .            (no gloves)
SInv    .            (no boots)
Will    .....        (no amulet)
Stlth   +            (no ring)
HPRegen 0.22/turn    (no ring)
MPRegen 0.07/turn

%: no passive effects
@: no status effects
A: sickness immunity, AC +2, negative energy resistance 1, electricity
resistance, torment resistance 1, petrification resistance
a: no special abilities


You were on level 1 of the Dungeon.
You visited 1 branch of the dungeon, and saw 1 of its levels.

You collected 27 gold pieces.


Innate Abilities, Weirdness & Mutations

You are immune to sickness and miasma.
Your stone body is resilient. (AC +2)
You are immune to poison.
You resist negative energy. (rN+)
You are resistant to electric shocks. (rElec)
You are resistant to unholy torment.
You are immune to petrification.


   Skills:
 - Level 2.1 Fighting
 + Level 4.3 Ranged Weapons
 - Level 1.5 Dodging
 - Level 1.1 Stealth


You couldn't memorise any spells.
You didn't know any spells.
Your spell library was empty.

Inventory:

Hand Weapons
 a - a +0 shortbow (weapon)
Armour
 c - a +0 leather armour (worn)
Jewellery
 d - a +6 ring of dexterity
 e - a ring of resist corrosion
Scrolls
 b - a scroll of butterflies
Potions
 f - a potion of haste {unknown}

Dungeon Overview and Level Annotations

Branches:
Dungeon (1/15)

Altars:


Message History

The endoplasm quivers.
You shoot an arrow. The arrow hits the endoplasm.
The endoplasm is heavily wounded.
The endoplasm freezes you.
You are frozen.
You shoot an arrow.
The arrow completely misses the endoplasm.
The endoplasm freezes you.
You are frozen.
You shoot an arrow. The arrow hits the endoplasm.
The endoplasm is almost dead.
The endoplasm freezes you.
You are frozen.
The endoplasm freezes you.
You are frozen.
You shoot an arrow. The arrow hits the endoplasm.
You kill the endoplasm!
You start resting.
HP restored.
Found a short sword.
You see here a +0 short sword.
You see here a +0 short sword.
A gnoll comes into view. It is wielding a +0 whip.
You see here a +0 helmet.
You shoot an arrow.
The arrow hits the gnoll but does no damage.
The gnoll shouts!
You shoot an arrow. The arrow hits the gnoll.
The gnoll is lightly wounded.
The gnoll hits you with a +0 whip.
You shoot an arrow. The arrow barely misses the gnoll.
The gnoll barely misses you. The gnoll hits you but does no damage.
You shoot an arrow. The arrow closely misses the gnoll.
The gnoll hits you with a +0 whip.
You shoot an arrow. The arrow closely misses the gnoll.
The gnoll hits you with a +0 whip.
You shoot an arrow. The arrow hits the gnoll.
The gnoll is heavily wounded.
The gnoll hits you with a +0 whip.
You die...

.. .# .# #.## #
#.# ##...## . ###
#.#
########.....#..
..# #.#
#......g........
#.# #.#
#.######@.....#
#.# #.#
#.##........#.#
#.# #.#
#.##.#####.## #.#
#.###.##.# ##
..###.##...#.####
#...............#
##...###...####.#
#)##.# ##.## #
.###.# #.#


You could see a gnoll.

Vanquished Creatures
  An endoplasm (D:1)
  2 goblins (D:1)
  A hobgoblin (D:1)
  A bat (D:1)
5 creatures vanquished.

Notes
Turn   | Place    | Note
-------+----------+-------------------------------------------
     0 | D:1      | qw the Gargoyle Hunter began the quest for the Orb.
     0 | D:1      | Reached XP level 1. HP: 12/12 MP: 1/1
     0 | D:1      | 0 ||| qw: Version: 0.3-a-76-g4403597
     0 | D:1      | 0 ||| qw: Game counter: 540
     0 | D:1      | 0 ||| qw: Melee chars always use a shield: true
     0 | D:1      | 0 ||| qw: God list: Okawaru
     0 | D:1      | 0 ||| qw: Allow faded altars: false
     0 | D:1      | 0 ||| qw: Do Orc after clearing Dungeon:15 true
     0 | D:1      | 0 ||| qw: Do second Lair branch before Depths: true
     0 | D:1      | 0 ||| qw: Lair rune preference: random
     0 | D:1      | 0 ||| qw: Goals: Normal
     0 | D:1      | 0 ||| PLANNING D:1-11
   157 | D:1      | HP: 3/12 [frozen (4)]
   253 | D:1      | HP: 2/12 [gnoll/+0 whip (5)]
   254 | D:1      | Slain by a gnoll

Levels and vault maps discovered:
D:1:      scummos_arrival_gate, layout_loops_ring, minmay_3d_cube

Action                     || total
---------------------------++-------
   Fire: Shortbow          ||    18
 Armour: Leather armour    ||     5
  Dodge: Dodged            ||     2

Table legend:
 A = Non-vault XP
 B = Vault XP
 C = Vault XP percentage of total XP
 D = Non-vault monster count
 E = Vault monster count
 F = Vault count percentage of total count
                 A         B        C        D         E       F
            +---------+---------+-------+---------+---------+-------
      Total |       9 |       0 |   0.0 |       5 |       0 |   0.0
            +---------+---------+-------+---------+---------+-------
        D:1 |       9 |       0 |   0.0 |       5 |       0 |   0.0
            +---------+---------+-------+---------+---------+-------
